cohdb
Replays
Latest Replays
All Replays
Popular Replays
Top Player Replays
Match Explorer
How It Works
Community
CoH3 Stats
Reddit
Sign in to upload your games and track your stats! →
Sign in with Steam
Match 44323929
Unlisted
Match 44323929
Overview
Messages
Build Orders
End
Engineer Squad
Construct Weapon Support Center
M1919 Machine Gun Team
Bazooka Squad
Mortar Pit
M1919 Machine Gun Team
Bazooka Squad
Mortar Pit
Infantry Support Center
M3 Armored Personnel Carrier
M3 Armored Personnel Carrier
M3 Armored Personnel Carrier
Advanced Logistics
M3 Armored Personnel Carrier
M3 Armored Personnel Carrier
Bazooka Squad
Selects Heavy Weapons
Selects Assault Carriers
Selects Halftrack Strongpoints
Construct Tank Depot
Engineer Squad
Captain Retinue
Engineer Squad
Halftrack Strongpoints
Selects M26 Pershing Heavy Tank
M26 Pershing Heavy Tank
『👑MayMaya23💕』
『FredrikNorheim』
Dickson
WarmHeadGaming.Job
Gwangju's Hero Chun Doo-gwang
AltoLivello ITA
Sgt wiggumZ
Enigmas
0
0
Comments
sign in to comment!
No comments posted yet!